 Dungeon Crawl Stone Soup version 0.18-a0-1577-gf591c28 (webtiles) character file.

12605854 bl4d3 the Conqueror (level 27, 169/199 HPs)
             Began as a Gargoyle Fighter on Mar 21, 2016.
             Was the Champion of the Shining One.
             Escaped with the Orb
             ... and 15 runes on Mar 23, 2016!
             The game lasted 12:43:19 (130019 turns).

bl4d3 the Conqueror (Gargoyle Fighter)            Turns: 130019, Time: 12:43:19

Health: 169/199    AC: 69    Str: 39    XL:     27
Magic:  46/46      EV: 17    Int: 10    God:    the Shining One [******]
Gold:   15544      SH: 36    Dex:  8    Spells: 0 memorised, 43 levels left

rFire  + + +     SeeInvis +     O - +9 broad axe (chop)
rCold  + + .     Gourm    .     V - +12 gold dragon armour
rNeg   + + +     Faith    .     Z - +5 large shield {rC+ rF+}
rPois  ∞         Spirit   .     v - +2 helmet {SInv}
rElec  +         Dismiss  .     T - +1 cloak of the Ban {rElec Str+4 Dex-3}
rCorr  .         Reflect  +     l - +2 pair of gloves
SustAt +         Harm     .     N - +2 pair of boots {run}
MR     +++++     Rnd*Rage +     X - amulet of the Good {Reflect *Corrode MR+ Str+2 SH+2}
Stlth  +......... Rnd*Tele +    H - ring "Ererch" {SustAt MR++ MP+9}
                                C - ring of Betasch {rF+ MP+9 Str+4 Int+4 Dex+5}

@: flying, non-regenerating, glowing, quick, almost entirely resistant to
hostile enchantments, very unstealthy
A: big wings, berserk 2, blurry vision 3, clumsy 2, deformed body, deterioration
2, dopey 1, low mp 3, negative energy resistance 1, screaming 3, electricity
resistance, slow regeneration 3, teleportitis 1, weak 2, unbreathing,
petrification resistance, rot immunity, subdued magic 3, MP-powered wands, AC
+20
a: Stop Flying, Divine Shield, Cleansing Flame, Summon Divine Warrior, Renounce
Religion
0: Orb of Zot
}: 15/15 runes: barnacled, slimy, silver, golden, iron, obsidian, icy, bone,
abyssal, demonic, glowing, magical, fiery, dark, gossamer


You escaped.
You worshipped the Shining One.
The Shining One was exalted by your worship.
You were very full.

You visited 18 branches of the dungeon, and saw 93 of its levels.
You visited Pandemonium 2 times, and saw 26 of its levels.
You visited the Abyss 1 time.
You also visited: Labyrinth, Sewer, Bailey and Ice Cave.

You collected 16966 gold pieces.
You spent 1422 gold pieces at shops.

Inventory:

Hand Weapons
 O - a +9 broad axe of chopping (weapon)
 U - the +10 mace "bl4d3's Bane" {holy, Dex+4}
   (You found it on level 8 of the Lair of Beasts)

   It has been blessed by the Shining One to cause great damage to the undead
   and demons.
   It affects your dexterity (+4).
Armour
 l - a +2 pair of gloves (worn)
 v - a +2 helmet of see invisible (worn)
 N - a +2 pair of boots of running (worn)
 T - the +1 cloak of the Ban (worn) {rElec Str+4 Dex-3}
   (You found it on level 14 of the Dungeon)

   It affects your strength (+4).
   It affects your dexterity (-3).
   It insulates you from electricity.
 V - a +12 gold dragon armour (worn)
 Z - a +5 large shield of resistance (worn)
Jewellery
 i - the ring "Limykh" {rF+ rC+}
   (You bought it in a shop on level 2 of the Orcish Mines)

   [ring of protection from fire]

   It protects you from fire.
   It protects you from cold.
 u - the ring "Aduenor" {rCorr MP+9}
   (You found it in Pandemonium)

   [ring of resist corrosion]

   It affects your magic capacity (+9).
 C - the ring of Betasch (left hand) {rF+ MP+9 Str+4 Int+4 Dex+5}
   (You found it on level 4 of the Depths)

   [ring of dexterity]

   It affects your strength (+4).
   It affects your intelligence (+4).
   It affects your dexterity (+5).
   It protects you from fire.
   It affects your magic capacity (+9).
 H - the ring "Ererch" (right hand) {SustAt MR++ MP+9}
   (You took it off a vampire knight on level 4 of the Depths)

   [ring of sustain attributes]

   It sustains your strength, intelligence and dexterity.
   It affects your resistance to hostile enchantments.
   It affects your magic capacity (+9).
 X - the amulet of the Good (around neck) {Reflect *Corrode MR+ Str+2 SH+2}
   (You took it off a vault warden on level 5 of the Vaults)

   [amulet of reflection]

   It shields you and reflects attacks.
   It affects your strength (+2).
   It affects your resistance to hostile enchantments.
   It may corrode your equipment when you take damage.
   It affects your SH (+2).
Wands
 q - a wand of heal wounds (4/9)
 s - a wand of teleportation (6/9)
 B - a wand of heal wounds (5/9)
 P - a wand of heal wounds (0/9)
 S - a wand of disintegration (20/24)
 W - a wand of teleportation (5/9)
Scrolls
 d - 24 scrolls of identify
 e - 5 scrolls of enchant weapon
 k - 12 scrolls of fear
 o - 22 scrolls of teleportation
 x - 19 scrolls of remove curse
 y - 21 scrolls of fog
 z - 17 scrolls of magic mapping
 F - 6 scrolls of blinking
 G - 4 scrolls of holy word
 I - a scroll of acquirement
 J - a scroll of silence
 L - a scroll of enchant armour
 R - 2 scrolls of summoning
 Y - 2 scrolls of recharging
Potions
 a - 7 potions of agility
 g - 6 potions of heal wounds
 m - 2 potions of resistance
 n - 38 potions of curing
 r - a potion of beneficial mutation
 w - 4 potions of cancellation
 E - 3 potions of haste
 K - 4 potions of might
 M - 2 potions of cure mutation
 Q - a potion of experience
Comestibles
 f - 5 bread rations
 h - 29 meat rations
 j - 28 fruits
 A - 7 slices of pizza
 D - 14 beef jerkies


   Skills:
 O Level 27 Fighting
 O Level 27 Axes
 + Level 24.1(27) Maces & Flails
 + Level 10.5 Throwing
 O Level 27 Armour
 O Level 27 Dodging
 O Level 27 Stealth
 O Level 27 Shields
 + Level 9.4 Unarmed Combat
 + Level 8.9 Spellcasting
 O Level 27 Invocations
 + Level 10.5 Evocations


You had 43 spell levels left.
You didn't know any spells.

Dungeon Overview and Level Annotations

Branches:
Dungeon (15/15)            Temple (1/1) D:7            Lair (8/8) D:11
 Shoals (4/4) Lair:4       Spider (4/4) Lair:6        Slime (6/6) Lair:8
    Orc (2/2) D:10            Elf (3/3) Orc:2        Vaults (5/5) D:14
  Crypt (3/3) Vaults:3       Tomb (3/3) Crypt:3      Depths (5/5) D:15
   Hell (1/1)                 Dis (7/7) Hell            Geh (7/7) Hell
    Coc (7/7) Hell            Tar (7/7) Hell            Zot (5/5) Depths:5

Altars:
Ashenzari
Cheibriados
Dithmenos
Elyvilon
Fedhas
Gozag
Kikubaaqudgha
Makhleb
Nemelex Xobeh
Okawaru
Pakellas
Qazlal
Ru
Sif Muna
Trog
Vehumet
Xom
Yredelemnul
Zin
The Shining One
Beogh

Shops:
D:4 [   D:10 [   D:15 *   Orc:2 =?(:   Vaults:1 }[!   Vaults:3 }   Vaults:4 *
Depths:1 *   Depths:2 %

Portals:
Hell: Depths:1 Depths:2 Depths:3 Depths:4 Depths:5
Abyss: Depths:1 Depths:4
Pandemonium: Depths:1 Depths:3 Depths:5
Ziggurat: Lair:2 Depths:3
Trove: Depths:2 (give +4 storm dragon armour)


Innate Abilities, Weirdness & Mutations

You are resistant to torment.
Your stone body is resilient (AC +20).
You are immune to poison.
Your large and strong wings let you fly indefinitely.
You resist negative energy.
You are resistant to electric shocks.
You can survive without breathing.
You are immune to petrification.
You are immune to rotting.
You often lose your temper in combat.
Scrolls take you much longer to read.
You are very clumsy. (Dex -4)
Armour fits poorly on your strangely shaped body.
Your body often deteriorates upon taking damage.
You are dopey. (Int -2)
Your magical capacity is extremely low (-30% MP).
You frequently scream uncontrollably at your foes.
You do not regenerate naturally.
You are occasionally teleported next to monsters.
You are very weak. (Str -4)
Your spells are much easier to cast, but much less powerful.
You expend magic power (3 MP) to strengthen your wands.


Message History

You slash the sixfirhy!
The sixfirhy is severely wounded.
You block the sixfirhy's attack. x3; The sixfirhy misses you.
You barely miss the sixfirhy.
The sixfirhy is almost dead.
You hit the sixfirhy.
The sixfirhy is almost dead.
You block the sixfirhy's attack. x4
You cut the sixfirhy into ribbons!!!
You kill the sixfirhy!
The Shining One accepts your kill.
You feel better.
You closely miss the sixfirhy.
The sixfirhy is almost dead.
You block the sixfirhy's attack. x3
You cut the sixfirhy into ribbons!!!
You kill the sixfirhy!
The Shining One accepts your kill.
You feel better.
There is a staircase leading out of the dungeon here.
You have escaped!

..'......................))......
.##...2.....#.#######..###.......
.##........2.....................
.############....#####.#####.#..#
.# #..#...........#.#..# .#
#..##..###.###.###..# .#
#......#.....#....... .#
#..##...##.###.###..# .#
#..#@....#.#...#.#..# .#
#..#).###..#####.#..# .#
#..#.............#..#
.############..##..#######.###..#
##.................#.....#.#....#
#.............##..###.###.###..#
#.............#.....#.#.....#..#
#.............#.###.#.#.###.#..#
#.............#.#.#.#.#.#.#.#..#


There were no monsters in sight!

Vanquished Creatures
  Cerebov (Pan)
  Ereshkigal (Tar:7)
  Asmodeus (Geh:7)
  Gloorx Vloq (Pan)
  Mnoleg (Pan)
  the Serpent of Hell (Geh:7)
  Lom Lobon (Pan)
  Dispater (Dis:7)
  4 orbs of fire
  Mara (Tomb:1)
  Mennas (Pan)
  8 ancient liches
  A juggernaut (Depths:2)
  The ghost of Uhlv the Gargoyle Barricade, a legendary GrFi of Makhleb (Geh:7)
  17 pandemonium lords
  Boris (Depths:5)
  32 greater mummies
  34 shard shrikes
  4 iron giants
  Geryon (Hell)
  2 Killer Klowns
  Margery (Vaults:3)
  A curse toe (Zot:4)
  11 golden dragons
  Jory (Tomb:1)
  24 bone dragons
  A profane servitor (Pan)
  38 Brimstone Fiends
  2 electric golems
  Jorgrun (Vaults:4)
  24 Hell Sentinels
  17 doom hounds
  22 tentacled monstrosities
  18 liches
  24 Ice Fiends
  A shard shrike skeleton (Crypt:1)
  23 Orb Guardians
  4 titans
  2 deep elf blademasters (Elf:3)
  7 quicksilver dragons
  37 Shadow Fiends
  24 acid blobs
  39 Executioners
  Gastronok (D:9)
  Frances (D:13)
  17 eldritch tentacles
  Murray (Hell)
  7 death cobs
  3 deep elf master archers (Elf:3)
  6 sphinxes
  16 ancient champions
  Polyphemus (Shoals:4)
  15 storm dragons
  5 tengu reavers
  Ilsuiw (Shoals:4)
  A daeva (Pan)
  13 warmongers (Pan)
  11 fire giants
  18 shadow dragons
  3 draconian monks
  3 revenants
  5 draconian knights
  52 balrugs
  An orc warlord (Orc:2)
  Donald (Vaults:2)
  15 corrupters (Pan)
  7 azure jellies
  11 vault wardens
  7 frost giants
  5 draconian shifters
  6 draconian scorchers
  7 ghost moths
  8 iron dragons
  10 deep elf sorcerers
  A caustic shrike zombie (D:15)
  2 draconian zealots
  4 curse skulls
  29 cacodemons
  4 deep elf elementalists
  3 emperor scorpions (Spider:4)
  11 ghouls
  6 draconian annihilators
  3 spriggan defenders (Depths:4)
  114 reapers
  37 very ugly things
  4 elemental wellsprings
  5 draconian callers
  9 war gargoyles (Dis:7)
  19 ironheart preservers
  4 bennus
  19 salamander stormcallers
  35 stone giants
  18 vampire knights
  8 deep elf demonologists
  22 blood saints (Pan)
  10 black draconians
  13 green draconians
  9 mottled draconians
  19 lorocyprocas
  12 deep elf annihilators
  6 white draconians
  6 spark wasps
  8 yellow draconians
  12 red draconians
  13 black suns (Pan)
  10 purple draconians
  The ghost of MordorOrchid the Severer, a journeyman MiCK of Xom (D:13)
  5 eidola
  15 chaos champions (Pan)
  5 merfolk javelineers
  12 ettins
  14 deep elf death magi
  25 green deaths
  35 vault guards
  6 minotaurs
  10 death oozes
  Snorg (Lair:4)
  12 jiangshi
  24 mummy priests
  5 kraken zombies
  75 blizzard demons
  21 yaktaur captains
  9 quicksilver dragon zombies
  A minotaur (shapeshifter) (Vaults:5)
  9 merfolk impalers
  Erolcha (Vaults:1)
  21 fire dragons
  14 rakshasas
  8 deep elf high priests
  16 great orbs of eyes
  35 ice dragons
  8 hell beasts (Pan)
  7 hydras
  A spriggan air mage (Depths:4)
  8 entropy weavers
  10 quicksilver dragon skeletons
  4 ghost crabs
  22 monstrous demonspawn (Pan)
  4 merfolk avatars
  4 death knights
  9 centaur warriors
  5 satyrs (Shoals:4)
  Erica (D:9)
  38 dancing weapons
  15 ogre magi
  7 death yaks
  10 deep troll shamans
  2 merfolk aquamancers (Shoals:1)
  46 hell hogs
  A queen ant (Lair:5)
  13 deep troll earth magi
  8 vampire magi
  5 small abominations
  8 spriggan berserkers
  5 tengu warriors
  13 iron golems
  12 titan zombies
  Urug (Lair:3)
  49 soul eaters
  A thrashing horror (Abyss:3)
  107 sun demons
  26 deep elf knights
  6 orc high priests (Orc:2)
  13 storm dragon zombies
  2 spatial maelstroms (Abyss:3)
  An iron troll (Depths:4)
  15 titan skeletons
  234 skeletal warriors
  92 hell knights
  8 storm dragon skeletons
  12 sea snakes
  47 deep trolls
  7 shadow wraiths
  2 wretched stars (Abyss:3)
  A quicksilver dragon simulacrum (Coc:2)
  4 ghost moth zombies
  20 death scarabs
  4 salamander mystics
  2 fire crabs
  3 cherubim
  An unseen horror (shapeshifter) (Vaults:3)
  A death drake (Tar:3)
  28 anaconda zombies
  2 unseen horrors
  47 shadow demons
  20 flayed ghosts
  An orange crystal statue (Tomb:1)
  6 giant orange brains
  19 torturous demonspawn (Pan)
  4 golden dragon zombies
  2 tengu zombies
  20 deep elf archers
  22 gelid demonspawn
  8 golden dragon skeletons
  11 ironbrand convokers
  8 harpies
  24 infernal demonspawn (Pan)
  17 putrid demonspawn (Pan)
  12 anaconda skeletons
  13 orb spiders
  4 hill giants
  16 wizards
  4 orc sorcerers (Orc:2)
  6 anubis guards
  2 harpies (shapeshifter)
  13 orc knights
  24 phantasmal warriors
  37 necromancers
  5 shadow dragon zombies
  2 orb spiders (shapeshifter)
  10 iron dragon zombies
  8 shadow dragon skeletons
  6 wolf spider zombies
  77 deep elf magi
  9 fire giant zombies
  An oklob plant (Shoals:2)
  5 hornets
  A hornet (shapeshifter) (Vaults:3)
  10 shining eyes
  11 frost giant zombies
  9 stone giant zombies
  19 griffons
  11 manticores
  3 worldbinders (Abyss:3)
  42 ugly things
  9 iron dragon skeletons
  2 human zombies
  4 cyclopes
  21 fire giant skeletons
  6 frost giant skeletons
  19 fauns (Shoals:4)
  46 sixfirhies
  9 dire elephant zombies
  32 wolf spiders
  20 salamanders
  A guardian serpent (Abyss:3)
  Psyche (D:8)
  29 moths of wrath
  7 stone giant skeletons
  7 sirens
  6 titan simulacra
  6 shock serpent zombies
  Maurice (D:7)
  4 elephants (Lair:8)
  An apocalypse crab (Abyss:3)
  6 ice statues
  108 smoke demons
  8 vault sentinels
  10 molten gargoyles
  2 torpor snails
  2 black mambas
  33 orange demons
  49 rust devils
  11 spiny frogs
  8 eyes of devastation
  4 storm dragon simulacra
  3 water nymphs
  5 emperor scorpion zombies
  4 shock serpent skeletons
  3 catoblepas zombies
  8 dire elephant skeletons
  46 yaktaurs
  11 efreet
  3 kobold demonologists
  5 rime drakes
  58 large abominations
  A komodo dragon (shapeshifter) (Depths:2)
  4 anaconda simulacra
  3 tengu conjurers
  A black draconian skeleton (Coc:7)
  66 hellions
  52 freezing wraiths
  A spark wasp simulacrum (Depths:2)
  51 demonic crawlers
  8 komodo dragons
  71 tormentors
  A minotaur zombie (Tomb:3)
  2 catoblepas skeletons
  2 entropy weaver zombies
  49 hellwings
  2 silent spectres
  9 harpy zombies
  The ghost of amplicon the Cudgeler, an amateur MiFi of Ru (D:4)
  53 guardian mummies
  A spriggan druid (Lair:8)
  10 trolls
  87 red devils
  A death drake zombie (Crypt:1)
  A giant leech (shapeshifter) (Vaults:4)
  67 ice devils
  3 wind drakes
  38 jumping spiders
  28 merfolk
  A troll (shapeshifter) (Depths:1)
  A wolf spider simulacrum (Coc:7)
  6 polar bears (Lair:8)
  2 jumping spiders (shapeshifter)
  26 two-headed ogres
  A wind drake (shapeshifter) (Vaults:2)
  6 raiju (Abyss:3)
  35 hydra zombies
  A bog body (Crypt:3)
  7 fire dragon zombies
  101 slime creatures
  9 snapping turtles
  11 ice dragon zombies
  41 blink frogs
  12 ettin zombies
  2 minotaur skeletons
  4 boulder beetles
  33 ushabtiu
  A deep troll zombie (D:15)
  17 alligator zombies
  2 black mamba zombies
  7 harpy skeletons
  A fire giant simulacrum (Vaults:2)
  23 hydra skeletons
  8 ice dragon skeletons
  A stone giant simulacrum (Coc:1)
  108 redbacks
  4 air elementals
  9 ettin skeletons
  4 alligator skeletons
  31 tarantellas
  3 starcursed masses (Abyss:3)
  A hill giant zombie (Crypt:3)
  21 spriggans
  61 shadows
  213 flying skulls
  3 vampires (Vaults:1)
  A dire elephant simulacrum (IceCv)
  A tarantella (shapeshifter) (Vaults:2)
  35 water elementals
  A griffon skeleton (Crypt:3)
  3 basilisks
  31 humans
  8 hippogriffs
  78 ynoxinuls
  5 fire bats
  65 yaks
  65 wraiths
  7 fire dragon skeletons
  2 humans (shapeshifter)
  4 black mamba skeletons
  58 chaos spawn
  35 fire elementals
  28 neqoxecs
  3 wyverns
  14 golden eyes
  6 hungry ghosts
  A merfolk zombie (Dis:5)
  6 vampire mosquitoes
  2 hippogriffs (shapeshifter) (Vaults:1)
  A steam dragon (Lair:5)
  A basilisk (shapeshifter) (Vaults:4)
  A putrid demonspawn zombie (Crypt:1)
  9 spatial vortices
  A giant leech zombie (Crypt:3)
  A gelid demonspawn zombie (Crypt:1)
  A swamp worm (shapeshifter) (Depths:4)
  5 soldier ants (Lair:5)
  9 wargs
  2 harpy simulacra (IceCv)
  A naga (shapeshifter) (Vaults:1)
  2 iron troll simulacra (IceCv)
  9 water moccasins
  111 hell hounds
  A monstrous demonspawn skeleton (Crypt:1)
  3 merfolk skeletons
  12 porcupines
  14 spiny frog zombies
  12 hydra simulacra
  2 gelid demonspawn skeletons
  65 orc warriors
  An eye of draining (shapeshifter) (Vaults:2)
  11 wasps
  19 ice beasts
  An alligator simulacrum (Coc:6)
  4 manticore zombies
  6 sky beasts
  6 black bears
  12 eyes of draining
  A black bear (shapeshifter) (Vaults:5)
  A swamp dragon zombie (Coc:7)
  An ettin simulacrum (IceCv)
  4 spiny frog skeletons
  10 phantoms
  8 snapping turtle zombies
  A fire dragon simulacrum (Coc:7)
  42 necrophages
  A manticore skeleton (Hell)
  11 boggarts
  68 ogres
  8 snapping turtle skeletons
  An elephant skeleton (Crypt:1)
  16 crocodiles
  23 centaurs
  5 elf skeletons
  18 wolves (Lair:8)
  A tengu (shapeshifter) (Depths:2)
  2 swamp dragon skeletons
  3 human skeletons
  10 big kobolds
  An elf zombie (Dis:5)
  A yaktaur zombie (Crypt:2)
  29 giant frogs
  A salamander skeleton (Crypt:1)
  A cyclops zombie (Crypt:2)
  4 spiny frog simulacra
  2 wyvern zombies
  An earth elemental (Elf:2)
  2 scorpions
  A troll zombie (Tar:1)
  A human simulacrum (Vaults:2)
  12 killer bees
  101 wights
  4 electric eels
  2 howler monkeys
  18 crimson imps
  A wolf zombie (Crypt:3)
  2 centaur zombies (D:10)
  2 giant frog zombies
  11 hounds
  A quasit (D:12)
  A wasp zombie (Crypt:2)
  26 jellies
  7 centaur skeletons
  30 orc wizards
  30 orc priests
  Crazy Yiuf (D:7)
  54 iron imps
  15 iguanas
  A black bear skeleton (Crypt:2)
  9 hell rats
  Terence (Vaults:1)
  32 worker ants
  29 sheep
  A naga zombie (Geh:4)
  A tengu skeleton (Coc:2)
  2 hound skeletons
  55 mummies
  3 worker ant zombies
  12 gnolls
  A hell rat skeleton (Crypt:2)
  A scorpion zombie (Crypt:2)
  13 adders
  89 river rats
  27 shadow imps
  36 white imps
  2 giant eyeballs (Pan)
  2 ufetubi (Depths:3)
  6 oozes
  2 adder skeletons
  A ball lightning (Pan)
  2 dart slugs
  5 worms
  10 giant geckos
  144 orcs
  10 giant cockroaches
  8 goblins
  6 hobgoblins
  17 jackals
  34 kobolds
  5 quokkas
  10 bats
  A giant cockroach zombie (D:6)
  A giant gecko skeleton (D:5)
  A giant gecko zombie (D:5)
  9 giant newts
  A jackal zombie (D:5)
  An orc zombie (Tar:1)
  A quokka zombie (D:8)
  6 rats
  A rat zombie (Crypt:2)
  2 crawling corpses
  21 fire vortices
  9 fungi
  A lurking horror (Abyss:3)
  29 plants
  5 tentacles
  4 withered plants (D:15)
7171 creatures vanquished.

Vanquished Creatures (collateral kills)
  Antaeus (Coc:7)
  the Royal Jelly (Slime:6)
  An ancient lich (Zot:5)
  2 pandemonium lords (Pan)
  A Brimstone Fiend (Pan)
  A hellephant (Hell)
  2 Ice Fiends
  2 Orb Guardians (Zot:5)
  The ghost of wvc the Fencer, an adept DsCK of Xom (Spider:4)
  The ghost of Fartwhistle the Spry, an adept DEEn of Dithmenos (Vaults:1)
  A storm dragon (Zot:5)
  Wiglaf (Vaults:1)
  An azure jelly (Slime:6)
  A vault warden (Vaults:5)
  A warmonger (Pan)
  A ghost moth (Spider:4)
  A black draconian (Zot:1)
  A deep elf annihilator (Elf:3)
  2 merfolk javelineers (Shoals:4)
  A black sun (Pan)
  A blizzard demon (Pan)
  A quicksilver dragon zombie (Coc:7)
  A vault guard (Vaults:5)
  A yaktaur captain (Vaults:5)
  A great orb of eyes (Slime:6)
  A rakshasa (Pan)
  A catoblepas (Shoals:4)
  2 hell hogs
  A soul eater (Hell)
  2 sun demons (Pan)
  A shadow demon (Pan)
  A putrid demonspawn (Pan)
  An ironbrand convoker (Vaults:1)
  An orb spider (Spider:4)
  2 orc knights (Vaults:1)
  A wolf spider (Spider:4)
  A frost giant zombie (Coc:5)
  A necromancer (Vaults:1)
  A hornet (Spider:4)
  A large abomination (Pan)
  A sixfirhy (Pan)
  A vault sentinel (Vaults:5)
  A siren (Shoals:4)
  A rust devil (Pan)
  An orange demon (Pan)
  2 smoke demons (Pan)
  A hellion (Geh:7)
  2 freezing wraiths
  A kobold demonologist (Vaults:1)
  A dire elephant skeleton (Coc:5)
  2 hellwings (Pan)
  A red devil (Pan)
  A tormentor (Coc:7)
  3 ice devils
  A golden dragon simulacrum (IceCv)
  3 hydra zombies
  3 merfolk (Shoals:4)
  A slime creature (Slime:6)
  A fire dragon zombie (Coc:7)
  2 alligator zombies (Hell)
  A vampire (Vaults:1)
  2 ynoxinuls (Pan)
  2 water elementals
  A fire elemental (Hell)
  4 humans (Vaults:1)
  A spiny frog zombie (Coc:7)
  A hydra simulacrum (IceCv)
  2 orc warriors (Vaults:1)
  2 ogres (Vaults:5)
  3 necrophages
  A spiny frog simulacrum (Hell)
97 creatures vanquished.

Vanquished Creatures (others)
  A golden dragon (Depths:5)
  A titan (Vaults:5)
  5 eldritch tentacles
  A fire giant (Depths:4)
  A draconian scorcher (Zot:1)
  2 reapers
  3 elemental wellsprings
  2 bennus (Tomb:2)
  A yellow draconian (Zot:2)
  2 mummy priests (Tomb:3)
  A merfolk javelineer (Shoals:3)
  A deep elf high priest (Vaults:5)
  A yaktaur captain (Depths:2)
  2 centaur warriors
  3 satyrs
  A titan zombie (Geh:7)
  A soul eater (Pan)
  A hell hog (Geh:2)
  A deep elf knight (Depths:4)
  42 death scarabs
  A shadow demon (Pan)
  2 anaconda zombies
  A giant orange brain (Pan)
  An infernal demonspawn (Pan)
  4 deep elf archers
  An iron dragon zombie (Dis:5)
  A faun (Shoals:4)
  A stone giant skeleton (Tomb:2)
  A smoke demon (Pan)
  A vault sentinel (Vaults:5)
  A storm dragon simulacrum (Coc:7)
  A dire elephant zombie (Tomb:2)
  A spiny frog (Lair:8)
  A freezing wraith (Coc:4)
  8 yaktaurs
  2 hellwings (Pan)
  2 red devils
  3 guardian mummies
  A two-headed ogre (Vaults:5)
  An alligator zombie (Coc:4)
  9 flying skulls
  3 fire dragon skeletons
  A shadow (Geh:2)
  2 ynoxinuls (Pan)
  2 water elementals
  A human (shapeshifter) (Vaults:5)
  2 neqoxecs (Pan)
  2 chaos spawn (Pan)
  A spiny frog zombie (Dis:1)
  An ice beast (Coc:2)
  An ogre (Vaults:3)
  2 centaurs (Shoals:4)
  A crocodile (Lair:8)
  3 wights
  A jelly (Slime:5)
  An iron imp (Dis:2)
  An ogre skeleton (Geh:1)
  3 mummies
  7 ball lightnings (Pan)
  An orc (Orc:1)
  523 eldritch tentacle segments
  8 fungi
  7 lost souls
  15 plants
  2 starspawn tentacles (Abyss:3)
  3 starspawn tentacle segments (Abyss:3)
  13 tentacles
  94 tentacle segments
818 creatures vanquished.

Grand Total: 8086 creatures vanquished

Notes
Turn   | Place    | Note
--------------------------------------------------------------
     0 | D:1      | bl4d3 the Gargoyle Fighter began the quest for the Orb.
     0 | D:1      | Reached XP level 1. HP: 14/14 MP: 1/1
   297 | D:1      | Reached XP level 2. HP: 17/19 MP: 2/2
   690 | D:2      | Reached XP level 3. HP: 22/24 MP: 3/3
   822 | D:2      | Found a glowing golden altar of the Shining One.
   868 | D:2      | Found a stormy altar of Qazlal.
   963 | D:2      | Reached XP level 4. HP: 29/29 MP: 4/4
  1245 | D:2      | Found a radiant altar of Vehumet.
  1245 | D:2      | Found a deep blue altar of Sif Muna.
  1534 | D:3      | Found an ancient bone altar of Kikubaaqudgha.
  1659 | D:3      | Reached XP level 5. HP: 17/34 MP: 5/5
  2016 | D:4      | Noticed an ogre
  2026 | D:4      | Killed an ogre
  2026 | D:4      | Reached skill level 5 in Fighting
  2026 | D:4      | Reached XP level 6. HP: 4/40 MP: 6/6
  2341 | D:4      | Found Dugonwaesh's Antique Armour Emporium.
  2506 | D:4      | Reached skill level 5 in Axes
  2580 | D:4      | Noticed amplicon's ghost (amateur MiFi)
  2612 | D:4      | Killed amplicon's ghost
  2612 | D:4      | Reached XP level 7. HP: 7/45 MP: 7/7
  3360 | D:5      | Entered Level 5 of the Dungeon
  3411 | D:5      | Found an opulent altar of Gozag.
  3886 | D:5      | Found a glowing drain.
  3911 | Sewer    | Entered a sewer
  4397 | D:5      | Reached XP level 8. HP: 52/52 MP: 8/8
  4496 | D:5      | Found a blossoming altar of Fedhas.
  4527 | D:5      | Found an oddly glowing altar of Pakellas.
  4824 | D:5      | Found a burning altar of Makhleb.
  4862 | D:5      | Found a basalt altar of Yredelemnul.
  5013 | D:5      | Found a sacrificial altar of Ru.
  5249 | D:6      | Got a coiled bronze ring
  5278 | D:6      | Identified the ring of Cuijebot {Dex+5 Stlth+} (You found it on level 6 of the Dungeon)
  5836 | D:7      | Noticed Crazy Yiuf
  5842 | D:7      | Killed Crazy Yiuf
  5850 | D:7      | Got a crude mace
  5851 | D:7      | Identified the +7 mace of Seiwyneq {freeze, Str+2} (You found it on level 7 of the Dungeon)
  5893 | D:7      | Found a staircase to the Ecumenical Temple.
  5917 | Temple   | Entered the Ecumenical Temple
  6152 | D:2      | Became a worshipper of the Shining One
  6300 | D:7      | Reached XP level 9. HP: 59/59 MP: 9/9
  6435 | D:7      | Found an opulent altar of Gozag.
  6815 | D:8      | Found a flagged portal.
  6824 | Bailey   | Entered a bailey
  7519 | Bailey   | Reached skill level 10 in Axes
  7936 | Bailey   | Reached XP level 10. HP: 52/66 MP: 10/10
  8414 | D:8      | Noticed Maurice
  8466 | D:7      | Killed Maurice
  8466 | D:7      | Reached skill level 1 in Dodging
  8466 | D:7      | Reached skill level 1 in Invocations
  8510 | D:8      | Noticed Psyche
  8537 | D:8      | Killed Psyche
  8695 | D:8      | Reached skill level 10 in Fighting
  8911 | D:8      | Reached * piety under the Shining One
  9379 | D:8      | Reached skill level 5 in Shields
  9792 | D:8      | Reached XP level 11. HP: 57/73 MP: 13/13
 10414 | D:9      | Noticed Gastronok
 10418 | D:9      | Noticed Erica
 10743 | D:8      | Identified a scroll of acquirement
 10758 | D:8      | Gained mutation: You are weak. (Str -2) [potion of mutation]
 10758 | D:8      | Gained mutation: You evolve. [potion of mutation]
 10758 | D:8      | Gained mutation: You are resistant to hostile enchantments. [potion of mutation]
 10839 | D:8      | Reached skill level 5 in Armour
 10839 | D:8      | Reached XP level 12. HP: 73/80 MP: 13/15
 10920 | D:9      | Killed Erica
 10946 | D:9      | Killed Gastronok
 10946 | D:9      | Reached skill level 5 in Invocations
 10990 | D:9      | Found a snail-covered altar of Cheibriados.
 11113 | D:10     | Entered Level 10 of the Dungeon
 11192 | D:10     | Found a staircase to the Orcish Mines.
 11450 | D:10     | Found Tuczalic's Armour Boutique.
 11520 | D:10     | Reached ** piety under the Shining One
 11982 | D:11     | Found a staircase to the Lair.
 12150 | D:11     | Noticed a five-headed hydra
 12162 | D:11     | Killed a five-headed hydra
 12170 | D:11     | Lost mutation: You are weak. (Str -2) [evolution]
 12667 | Lair:1   | Entered Level 1 of the Lair of Beasts
 12719 | Lair:1   | Reached *** piety under the Shining One
 12790 | Lair:1   | Reached XP level 13. HP: 65/87 MP: 17/17
 13175 | Lair:1   | Reached skill level 10 in Shields
 13271 | Lair:1   | Gained mutation: Your mind is acute. (Int +2) [evolution]
 13769 | Lair:2   | Reached skill level 5 in Dodging
 14829 | Lair:3   | Noticed Urug
 15546 | Lair:3   | Got a transparent ring mail
 15557 | Lair:3   | Identified the +2 ring mail of the King {Dex+3} (You found it on level 3 of the Lair of Beasts)
 16043 | Lair:3   | Gained mutation: You possess an exceptional clarity of mind. [evolution]
 16436 | Lair:4   | Noticed Snorg
 16444 | Lair:4   | Killed Snorg
 16738 | Lair:4   | Gained mutation: Your large and strong wings let you fly indefinitely. [Gargoyle growth]
 16738 | Lair:4   | Reached XP level 14. HP: 73/95 MP: 19/19
 17058 | Lair:4   | Found a staircase to the Shoals.
 17714 | Lair:5   | Reached **** piety under the Shining One
 18855 | Lair:6   | Found a hole to the Spider Nest.
 19134 | Lair:6   | Found an iron altar of Okawaru.
 19788 | Lair:7   | You fall through a shaft!
 19788 | Lair:8   | Entered Level 8 of the Lair of Beasts
 19863 | Lair:8   | Got a bloodstained mace
 19864 | Lair:8   | Identified the +10 mace "bl4d3's Bane" {holy, Dex+4} (You found it on level 8 of the Lair of Beasts)
 20057 | Lair:7   | Gained mutation: You are agile. (Dex +2) [evolution]
 20727 | Lair:8   | Reached XP level 15. HP: 101/101 MP: 21/21
 21138 | Lair:8   | Found a staircase to the Slime Pits.
 21407 | Lair:8   | Reached ***** piety under the Shining One
 21552 | Lair:8   | Reached skill level 15 in Fighting
 22067 | Lair:3   | Killed Urug
 22071 | Lair:3   | Got a translucent chain mail
 22082 | Lair:3   | Identified the +5 chain mail of the Moneychanger {rElec rC+} (You took it off Urug on level 3 of the Lair of Beasts)
 22883 | D:13     | Noticed MordorOrchid's ghost (journeyman MiCK)
 22923 | D:13     | Killed MordorOrchid's ghost
 22923 | D:13     | Reached skill level 10 in Armour
 23252 | D:13     | Noticed Frances
 23259 | D:13     | Killed Frances
 23277 | D:13     | Got a polished ring mail
 23288 | D:13     | Identified the cursed +0 ring mail "Yroogreng" {*Drain rC+ MR+ rCorr Dex+4} (You found it on level 13 of the Dungeon)
 23291 | D:13     | Found a labyrinth entrance.
 23297 | Lab      | Entered a labyrinth
 23673 | Lab      | Got a warped wooden ring
 23674 | Lab      | Got a warped broad axe
 23675 | Lab      | Identified the +8 broad axe of the Pits of Slime {elec, Str+2} (You found it in a labyrinth)
 24069 | D:13     | Got a twisted chain mail
 24080 | D:13     | Identified the +0 chain mail of Oblivion {-Tele rPois MP-9 Str+6} (You found it on level 13 of the Dungeon)
 24836 | D:14     | Got a pitted cloak
 24847 | D:14     | Identified the +1 cloak of the Ban {rElec Str+4 Dex-3} (You found it on level 14 of the Dungeon)
 24849 | D:14     | Identified the ring "Ewnasaor" {-Tele rElec rPois rN+ MR++ MP+9} (You found it in a labyrinth)
 24956 | D:14     | Found a gate to the Vaults.
 24956 | D:14     | Reached ****** piety under the Shining One
 25117 | D:14     | Reached XP level 16. HP: 85/109 MP: 23/23
 25494 | D:14     | Gained mutation: You have sharp fingernails. [potion of beneficial mutation]
 25752 | Spider:1 | Entered Level 1 of the Spider Nest
 25752 | Spider:1 | Found a frozen archway.
 25814 | IceCv    | Entered an ice cave
 26022 | IceCv    | Reached skill level 15 in Axes
 26103 | IceCv    | Noticed an Ice Fiend
 26106 | IceCv    | Killed an Ice Fiend
 26124 | IceCv    | Got an ancient chain mail
 26135 | IceCv    | Identified the cursed +0 chain mail of Qauxaus {rF+ Int+3} (You found it in an ice cave)
 26563 | Spider:1 | Reached skill level 10 in Invocations
 27797 | Spider:2 | Lost mutation: Your mind is acute. (Int +2) [potion of cure mutation]
 27797 | Spider:2 | Lost mutation: You have sharp fingernails. [potion of cure mutation]
 27797 | Spider:2 | Lost mutation: You evolve. [potion of cure mutation]
 27797 | Spider:2 | Lost mutation: You are agile. (Dex +2) [potion of cure mutation]
 27797 | Spider:2 | Lost mutation: You possess an exceptional clarity of mind. [potion of cure mutation]
 28427 | Spider:3 | Reached XP level 17. HP: 105/116 MP: 24/24
 28656 | Spider:4 | Entered Level 4 of the Spider Nest
 28951 | Spider:4 | Noticed wvc's ghost (adept DsCK)
 28965 | Spider:4 | Reached skill level 15 in Shields
 29874 | Spider:4 | Killed wvc's ghost
 29984 | Spider:4 | Got a gossamer rune of Zot
 30467 | Orc:1    | Entered Level 1 of the Orcish Mines
 31046 | Orc:2    | Entered Level 2 of the Orcish Mines
 31588 | Orc:2    | Found a roughly hewn altar of Beogh.
 31692 | Orc:2    | Found Xiatam's Book Boutique.
 31715 | Orc:2    | Found Houcol's Antique Weapon Shop.
 31911 | Orc:2    | Found Wypp's Magic Scroll Shoppe.
 31958 | Orc:2    | Bought a scroll of fear for 45 gold pieces
 31958 | Orc:2    | Bought a scroll of fear for 45 gold pieces
 32054 | Orc:2    | Reached XP level 18. HP: 102/124 MP: 26/26
 32138 | Orc:2    | Found a roughly hewn altar of Beogh.
 32214 | Orc:2    | Found Liuran's Jewellery Emporium.
 32240 | Orc:2    | Bought the ring "Limykh" {rF+ rC+} for 702 gold pieces
 32507 | Orc:2    | Found a staircase to the Elven Halls.
 32727 | Elf:1    | Entered Level 1 of the Elven Halls
 34040 | Elf:2    | Found a runed gate.
 34040 | Elf:2    | Found a runed gate.
 34042 | Elf:2    | Found a runed gate.
 34103 | Elf:2    | Got a distressingly furry ring mail
 34114 | Elf:2    | Identified the +2 ring mail "Jawonuje" {MP+9 Slay+2} (You found it on level 2 of the Elven Halls)
 34760 | Elf:2    | Reached XP level 19. HP: 126/131 MP: 28/28
 35274 | Elf:3    | Entered Level 3 of the Elven Halls
 35893 | Elf:3    | Noticed an Ice Fiend
 35896 | Elf:3    | Noticed a Hell Sentinel
 36293 | Elf:3    | Noticed a Brimstone Fiend
 36542 | Elf:2    | Reached skill level 10 in Dodging
 37341 | Elf:3    | HP: 3/132 [deep elf high priest/burst of hellfire (32)]
 37698 | Elf:3    | Noticed an Ice Fiend
 38012 | Elf:3    | Got a pitted scale mail
 38023 | Elf:3    | Identified the +6 scale mail "Guxyc" {Str+2} (You took it off a deep elf high priest on level 3 of the Elven Halls)
 38144 | Elf:3    | Identified a +1 pair of boots of running (You found it on level 3 of the Elven Halls)
 38652 | Vaults:1 | Entered Level 1 of the Vaults
 38689 | Vaults:1 | Reached XP level 20. HP: 136/139 MP: 29/29
 38763 | Vaults:1 | Noticed Fartwhistle's ghost (adept DEEn)
 38786 | Vaults:1 | Killed Fartwhistle's ghost
 39129 | Vaults:1 | Found Dafrah's Distillery.
 39137 | Vaults:1 | Bought a potion of might for 60 gold pieces
 39137 | Vaults:1 | Bought a potion of heal wounds for 75 gold pieces
 39137 | Vaults:1 | Bought a potion of heal wounds for 75 gold pieces
 39189 | Vaults:1 | Found Icoijot's Armour Boutique.
 39356 | Vaults:1 | Found Astrask's Gadget Shop.
 39498 | Vaults:1 | Noticed Wiglaf
 39498 | Vaults:1 | Noticed Erolcha
 39539 | Vaults:1 | Cast into level 3 of the Abyss (tengu reaver)
 40059 | Abyss:3  | Got an abyssal rune of Zot
 40115 | Vaults:1 | Escaped the Abyss
 40139 | Vaults:1 | Killed Wiglaf
 40169 | Vaults:1 | Killed Erolcha
 40224 | Vaults:1 | Noticed Terence
 40233 | Vaults:1 | Killed Terence
 40707 | Shoals:1 | Entered Level 1 of the Shoals
 40781 | Shoals:1 | Reached XP level 21. HP: 125/145 MP: 30/30
 41485 | Shoals:2 | Found a shimmering altar of Xom.
 42916 | Shoals:4 | Entered Level 4 of the Shoals
 43015 | Shoals:4 | Got a bloodstained mace
 43016 | Shoals:4 | Identified the cursed +0 mace "Jaorot" {venom, rF- rN+ Dex+2} (You found it on level 4 of the Shoals)
 43048 | Shoals:4 | Noticed Ilsuiw
 43049 | Shoals:4 | Noticed Polyphemus
 43240 | Shoals:4 | Killed Polyphemus
 43309 | Shoals:4 | Killed Ilsuiw
 43507 | Shoals:4 | Got a barnacled rune of Zot
 44187 | D:15     | Entered Level 15 of the Dungeon
 44406 | D:15     | Found a staircase to the Depths.
 44657 | D:15     | Found Yhih Pojy's General Store.
 44888 | Depths:1 | Entered Level 1 of the Depths
 44972 | D:15     | Reached XP level 22. HP: 153/153 MP: 32/32
 45036 | Depths:1 | Noticed a golden dragon
 45269 | Depths:1 | Found a gateway to Hell.
 45277 | Depths:1 | Found Zadix's Demolitions Depot.
 45388 | Depths:1 | Found a one-way gate leading to the halls of Pandemonium.
 45600 | Depths:1 | Found a one-way gate to the infinite horrors of the Abyss.
 46271 | Depths:2 | Noticed a juggernaut
 46282 | Depths:2 | Killed a juggernaut
 46372 | Depths:2 | Got a scorched plate armour
 46383 | Depths:2 | Identified the +1 plate armour "Yfaihyir" {Regen+ Int+4} (You found it on level 2 of the Depths)
 46636 | Depths:2 | Found a portal to a secret trove of treasure.
 46887 | Depths:2 | Found Keczivio's Food Shop.
 46997 | Depths:2 | Found an iron altar of Okawaru.
 48288 | Vaults:2 | Noticed Donald
 48299 | Vaults:2 | Killed Donald
 48299 | Vaults:2 | Reached XP level 23. HP: 160/160 MP: 34/34
 48359 | Vaults:2 | Reached skill level 15 in Armour
 48707 | Vaults:3 | Found Xojeji Legu's Gadget Shoppe.
 48740 | Vaults:3 | Noticed Margery
 48774 | Vaults:3 | Killed Margery
 49171 | Vaults:3 | Reached skill level 15 in Invocations
 49310 | Vaults:3 | Found a staircase to the Crypt.
 49310 | Vaults:3 | Found a basalt altar of Yredelemnul.
 49311 | Vaults:3 | Found an ancient bone altar of Kikubaaqudgha.
 50095 | Vaults:4 | Noticed Jorgrun
 50112 | Vaults:4 | Killed Jorgrun
 51281 | Vaults:4 | Found Poajamolaf's General Store.
 51348 | Vaults:4 | Reached XP level 24. HP: 154/168 MP: 34/34
 51368 | Vaults:4 | Bought a potion of heal wounds for 105 gold pieces
 51368 | Vaults:4 | Bought a potion of heal wounds for 105 gold pieces
 51368 | Vaults:4 | Bought a potion of haste for 210 gold pieces
 52294 | D:2      | Identified a +3 broad axe of holy wrath (a +1 broad axe blessed by the Shining One)
 52294 | D:2      | Received a gift from the Shining One
 52905 | Vaults:5 | Entered Level 5 of the Vaults
 54175 | Vaults:4 | Reached XP level 25. HP: 51/175 MP: 35/35
 55198 | Vaults:5 | Got a steaming scale mail
 55218 | Vaults:5 | Identified the +6 scale mail of the Locust {rPois rCorr Int+2} (You found it on level 5 of the Vaults)
 55242 | Vaults:5 | Got a smoking ring mail
 55253 | Vaults:5 | Identified the +2 ring mail of the Komodo Dragon {MP+9} (You found it on level 5 of the Vaults)
 55361 | Vaults:5 | Got a shimmering morningstar
 55362 | Vaults:5 | Identified the +4 morningstar "Daneohec" {freeze, rF++ rC- Str-5 Dex+3 Stlth+} (You found it on level 5 of the Vaults)
 55529 | Vaults:5 | Got a bound diamond amulet
 55552 | Vaults:5 | Identified the amulet of the Good {Reflect *Corrode MR+ Str+2 SH+2} (You took it off a vault warden on level 5 of the Vaults)
 55897 | Vaults:5 | Got a crude war axe
 55898 | Vaults:5 | Identified the +8 war axe of the Eggplant {chop, +Rage rC+ MR- Dex+5} (You found it on level 5 of the Vaults)
 55955 | Vaults:5 | Got a silver rune of Zot
 56947 | Crypt:1  | Entered Level 1 of the Crypt
 58287 | Crypt:3  | Entered Level 3 of the Crypt
 58344 | Crypt:3  | Got a warped tin ring
 58346 | Crypt:3  | Identified the ring "Gaes" {*Contam *Corrode rPois rC+ Dex+8} (You found it on level 3 of the Crypt)
 58385 | Crypt:3  | Gained mutation: Armour fits poorly on your strangely shaped body. [mutagenic glow]
 58770 | Crypt:3  | Found a staircase to the Tomb.
 58877 | Crypt:3  | Reached XP level 26. HP: 184/184 MP: 35/35
 58970 | Crypt:3  | Found an ancient bone altar of Kikubaaqudgha.
 59003 | Crypt:3  | Got a smoking graven amulet
 59013 | Crypt:3  | Got a scorched marble ring
 59050 | Crypt:3  | Noticed an ancient lich
 59070 | Crypt:3  | Killed an ancient lich
 59753 | Tomb:1   | Entered Level 1 of the Tomb of the Ancients
 60018 | Tomb:1   | Noticed Mara
 60043 | Tomb:1   | Noticed bl4d3's illusion
 60065 | Tomb:1   | Noticed bl4d3's illusion
 60070 | Tomb:1   | Killed Mara
 60293 | Tomb:1   | Noticed a greater mummy
 60302 | Tomb:1   | Noticed a greater mummy
 60336 | Tomb:1   | Killed a greater mummy
 60778 | Tomb:1   | Killed a greater mummy
 61165 | Tomb:2   | Noticed a greater mummy
 61168 | Tomb:2   | Noticed an ancient lich
 61169 | Tomb:2   | Noticed an ancient lich
 61170 | Tomb:2   | Noticed a greater mummy
 61294 | Tomb:1   | Killed an ancient lich
 61386 | Tomb:2   | Noticed Jory
 61404 | Tomb:1   | Killed a greater mummy
 61624 | Tomb:1   | Killed Jory
 61640 | Tomb:1   | Killed an ancient lich
 61640 | Tomb:1   | Reached XP level 27. HP: 192/192 MP: 35/35
 61653 | Tomb:1   | Killed a greater mummy
 62196 | Tomb:1   | Noticed a greater mummy
 62203 | Tomb:1   | Noticed a greater mummy
 62211 | Tomb:1   | Noticed a greater mummy
 62211 | Tomb:1   | Killed a greater mummy
 62566 | Tomb:1   | Killed a greater mummy
 62579 | Tomb:1   | Killed a greater mummy
 62836 | Tomb:1   | Noticed a greater mummy
 62843 | Tomb:1   | Noticed a greater mummy
 62851 | Tomb:1   | Noticed a greater mummy
 62857 | Tomb:1   | Killed a greater mummy
 62868 | Tomb:1   | Killed a greater mummy
 63251 | Tomb:1   | Killed a greater mummy
 63296 | Tomb:1   | Noticed a greater mummy
 63298 | Tomb:1   | Noticed a greater mummy
 63311 | Tomb:1   | Killed a greater mummy
 63316 | Tomb:1   | Noticed a greater mummy
 63320 | Tomb:1   | Killed a greater mummy
 63652 | Tomb:1   | Killed a greater mummy
 63684 | Tomb:1   | Noticed a greater mummy
 63694 | Tomb:1   | Killed a greater mummy
 63758 | Tomb:1   | Noticed a greater mummy
 63767 | Tomb:1   | Killed a greater mummy
 63770 | Tomb:1   | Noticed a greater mummy
 63787 | Tomb:1   | Killed a greater mummy
 63813 | Tomb:1   | Noticed a greater mummy
 63820 | Tomb:1   | Killed a greater mummy
 63821 | Tomb:1   | Noticed a greater mummy
 63824 | Tomb:1   | Noticed a greater mummy
 63830 | Tomb:1   | Killed a greater mummy
 63845 | Tomb:1   | Killed a greater mummy
 63971 | Tomb:1   | Noticed a greater mummy
 63972 | Tomb:1   | Noticed a greater mummy
 63978 | Tomb:1   | Killed a greater mummy
 63982 | Tomb:1   | Noticed a greater mummy
 63992 | Tomb:1   | Killed a greater mummy
 64004 | Tomb:1   | Killed a greater mummy
 64058 | Tomb:1   | Noticed a greater mummy
 64063 | Tomb:1   | Killed a greater mummy
 64514 | Tomb:2   | Identified the ring "Hieklodu" {rN+ MR+++ Str-5 Dex+4 SInv} (You took it off a skeletal warrior on level 3 of the Crypt)
 64531 | Tomb:3   | Entered Level 3 of the Tomb of the Ancients
 64673 | Tomb:3   | Noticed a greater mummy
 64676 | Tomb:3   | Noticed a greater mummy
 64696 | Tomb:3   | Noticed a greater mummy
 64698 | Tomb:3   | Noticed a greater mummy
 64699 | Tomb:3   | Noticed a greater mummy
 64870 | Tomb:3   | Noticed a greater mummy
 65101 | Tomb:2   | Killed a greater mummy
 65200 | Tomb:3   | Noticed a greater mummy
 65453 | Tomb:2   | Killed a greater mummy
 65665 | Tomb:2   | Killed a greater mummy
 65671 | Tomb:2   | Killed a greater mummy
 65870 | Tomb:2   | Killed a greater mummy
 65873 | Tomb:2   | Killed a greater mummy
 65873 | Tomb:2   | Reached skill level 15 in Dodging
 66068 | Tomb:3   | Killed a greater mummy
 66093 | Tomb:3   | Noticed a greater mummy
 66102 | Tomb:3   | Killed a greater mummy
 66107 | Tomb:3   | Noticed a greater mummy
 66123 | Tomb:3   | Killed a greater mummy
 66477 | Tomb:3   | Identified the amulet of Rargheck {MR- Regen+ MP+9 Str+3 Int+2} (You took it off a skeletal warrior on level 3 of the Crypt)
 66511 | Tomb:3   | Got a golden rune of Zot
 66552 | Tomb:3   | Got a clouded golden ring
 66555 | Tomb:3   | Got a wavering bone ring
 66611 | Tomb:3   | Identified the ring "Ogyj" {MP+9 Int+4 Dex+2} (You found it on level 3 of the Tomb of the Ancients)
 66612 | Tomb:3   | Identified the ring of Yteckuqo {*Corrode rPois MR+ Dex+2 Stlth+} (You found it on level 3 of the Tomb of the Ancients)
 67453 | Lair:2   | Lost mutation: You are resistant to hostile enchantments. [potion of cure mutation]
 67453 | Lair:2   | Lost mutation: Armour fits poorly on your strangely shaped body. [potion of cure mutation]
 67704 | Depths:3 | Found a gateway to a ziggurat.
 69420 | Depths:4 | Got a slimy amber ring
 69422 | Depths:4 | Identified the ring of Betasch {rF+ MP+9 Str+4 Int+4 Dex+5} (You found it on level 4 of the Depths)
 69560 | Depths:4 | Got a wavering iron ring
 69735 | Depths:4 | Found an ancient bone altar of Kikubaaqudgha.
 69810 | Depths:4 | Got a ring of the Octopus King
 69811 | Depths:4 | Identified a ring of the Octopus King {rN+ AC+1 EV+1 Str+1 Int+1 Dex+1} (You found it on level 4 of the Depths)
 69812 | Depths:4 | Identified the ring "Ererch" {SustAt MR++ MP+9} (You took it off a vampire knight on level 4 of the Depths)
 69956 | Depths:5 | Entered Level 5 of the Depths
 70188 | Depths:5 | Found a gate to the Realm of Zot.
 70307 | Depths:5 | Noticed Boris
 70318 | Depths:5 | Killed Boris
 70724 | Hell     | Entered the Vestibule of Hell
 70724 | Hell     | Noticed Geryon
 70857 | Hell     | Noticed Murray
 70872 | Hell     | Killed Murray
 70892 | Hell     | Reached skill level 27 in Fighting
 70898 | Hell     | Killed Geryon
 70961 | Hell     | Found a gateway to the freezing wastes of Cocytus.
 71032 | Hell     | Found a gateway to the Iron City of Dis.
 71150 | Hell     | Found a gateway to the decaying netherworld of Tartarus.
 71213 | Hell     | Found a gateway to the ashen valley of Gehenna.
 71340 | Geh:1    | Entered Level 1 of Gehenna
 77243 | Geh:7    | Entered Level 7 of Gehenna
 77347 | Geh:7    | Noticed Uhlv's ghost (legendary GrFi)
 77379 | Geh:7    | Killed Uhlv's ghost
 78080 | Geh:7    | Noticed the Serpent of Hell
 78090 | Geh:7    | Killed the Serpent of Hell
 78381 | Geh:7    | Noticed Asmodeus
 78393 | Geh:7    | HP: 4/199 [Brimstone Fiend/blast of hellfire (47)]
 79456 | Geh:7    | Killed Asmodeus
 79468 | Geh:7    | Got an obsidian rune of Zot
 79709 | Dis:1    | Entered Level 1 of the Iron City of Dis
 79973 | Dis:1    | Gained mutation: You are frail (-10% HP). [mutagenic glow]
 80029 | Dis:1    | Gained mutation: You are clumsy. (Dex -2) [mutagenic glow]
 80091 | Dis:1    | Gained mutation: You are very clumsy. (Dex -4) [mutagenic glow]
 80767 | Dis:2    | Found a burning altar of Makhleb.
 81933 | Dis:3    | Gained mutation: You occasionally shout uncontrollably at your foes. [mutagenic glow]
 82078 | Dis:3    | Reached skill level 27 in Axes
 82473 | Dis:4    | Noticed an iron giant
 82489 | Dis:4    | Killed an iron giant
 83291 | Dis:5    | Noticed an iron giant
 83302 | Dis:5    | Killed an iron giant
 84128 | Dis:6    | Gained mutation: You are weak. (Str -2) [mutagenic glow]
 84295 | Dis:6    | Noticed an iron giant
 84320 | Dis:6    | Killed an iron giant
 84910 | Dis:7    | Entered Level 7 of the Iron City of Dis
 85020 | Dis:7    | Lost mutation: You occasionally shout uncontrollably at your foes. [potion of cure mutation]
 85020 | Dis:7    | Lost mutation: You are very clumsy. (Dex -4) [potion of cure mutation]
 85020 | Dis:7    | Lost mutation: You are weak. (Str -2) [potion of cure mutation]
 85020 | Dis:7    | Lost mutation: You are frail (-10% HP). [potion of cure mutation]
 85575 | Dis:7    | Noticed Dispater
 85612 | Dis:7    | Killed Dispater
 85833 | Dis:7    | Got an iron rune of Zot
 85960 | Dis:7    | Noticed an iron giant
 85970 | Dis:7    | Killed an iron giant
 86024 | Tar:1    | Entered Level 1 of Tartarus
 88412 | Tar:3    | Reached skill level 27 in Shields
 89555 | Tar:4    | Gained mutation: You expend magic power (3 MP) to strengthen your wands. [mutagenic glow]
 91613 | Tar:6    | Gained mutation: Your spells are a little easier to cast, but a little less powerful. [mutagenic glow]
 91872 | Tar:6    | Reached skill level 27 in Armour
 92086 | Tar:6    | Noticed an ancient lich
 92103 | Tar:6    | Killed an ancient lich
 92523 | Tar:7    | Entered Level 7 of Tartarus
 92722 | Tar:7    | Noticed an ancient lich
 92731 | Tar:7    | Killed an ancient lich
 93030 | Tar:7    | Noticed an ancient lich
 93042 | Tar:7    | Killed an ancient lich
 93217 | Tar:7    | Noticed an ancient lich
 93227 | Tar:7    | Killed an ancient lich
 93257 | Tar:7    | Noticed Ereshkigal
 93279 | Tar:7    | Killed Ereshkigal
 93309 | Tar:7    | Got a bone rune of Zot
 93729 | Coc:1    | Entered Level 1 of Cocytus
 98070 | Coc:5    | Reached skill level 27 in Dodging
 99437 | Coc:7    | Entered Level 7 of Cocytus
100248 | Coc:7    | Noticed Antaeus
100269 | Coc:7    | Killed Antaeus
100282 | Coc:7    | Got an icy rune of Zot
100324 | Coc:7    | Got a scintillating jade ring
100328 | Coc:7    | Got a warped pewter ring
100831 | Lair:2   | Identified the ring of Free Will {+Inv rC++ Str+4} (You found it on level 7 of Cocytus)
100832 | Lair:2   | Identified the ring of Dupiop {rF++ AC+2} (You found it on level 7 of Cocytus)
100981 | Slime:1  | Entered Level 1 of the Pits of Slime
101083 | Slime:1  | Gained mutation: Your body sometimes deteriorates upon taking damage. [a shining eye]
101783 | Slime:3  | Gained mutation: Armour fits poorly on your strangely shaped body. [a shining eye]
101865 | Slime:4  | Gained mutation: You occasionally shout uncontrollably at your foes. [a shining eye]
102257 | Slime:5  | Gained mutation: You are occasionally teleported next to monsters. [a shining eye]
102427 | Slime:5  | Gained mutation: You tend to lose your temper in combat. [a shining eye]
102631 | Slime:6  | Entered Level 6 of the Pits of Slime
103055 | Slime:6  | Noticed the Royal Jelly
103079 | Slime:6  | Killed the Royal Jelly
104146 | Slime:6  | Got a slimy rune of Zot
104166 | Slime:6  | Got a steaming helmet
104177 | Slime:6  | Identified the cursed +0 helmet of Lilacs {*Drain +Blink Int+2 SInv} (You found it on level 6 of the Pits of Slime)
104262 | Slime:6  | Got an ancient iron ring
104266 | Slime:6  | Got a scintillating iron ring
104281 | Slime:6  | Identified the ring "Kupi" {*Drain MR+ Str+5 Int+9 Slay-5} (You found it on level 6 of the Pits of Slime)
104282 | Slime:6  | Identified the ring "Foimesy" {Fragile rN+ Str+6 Int+2 Dex+3} (You found it on level 6 of the Pits of Slime)
104794 | Zot:1    | Entered Level 1 of the Realm of Zot
105554 | Zot:1    | Reached skill level 27 in Invocations
105562 | Zot:1    | Reached skill level 1 in Throwing
105562 | Zot:1    | Reached skill level 1 in Evocations
105794 | Zot:1    | Noticed an orb of fire
105814 | Zot:1    | Killed an orb of fire
106522 | Zot:2    | Identified a +7 rod of ignition (14/14) (You found it on level 2 of the Realm of Zot)
106694 | Zot:2    | Reached skill level 5 in Throwing
106701 | Zot:2    | Reached skill level 5 in Evocations
106941 | Zot:2    | Reached skill level 1 in Stealth
107003 | Zot:2    | Reached skill level 5 in Stealth
107410 | Zot:3    | Reached skill level 10 in Stealth
109146 | Pan      | Entered Pandemonium
109167 | Pan      | Reached skill level 15 in Stealth
109516 | Pan      | Noticed Leidduar the pandemonium lord
109532 | Pan      | Killed Leidduar the pandemonium lord
109532 | Pan      | Gained mutation: Your magical capacity is low (-10% MP). [a cacodemon]
109605 | Pan      | Found an exit through the horrors of the Abyss.
109700 | Pan      | Gained mutation: You are weak. (Str -2) [a neqoxec]
110105 | Pan      | Noticed Jydd the pandemonium lord
110124 | Pan      | Killed Jydd the pandemonium lord
110452 | Pan      | Found an exit through the horrors of the Abyss.
110499 | Pan      | Entered the realm of Cerebov.
110599 | Pan      | Found an exit through the horrors of the Abyss.
111137 | Pan      | Got a jewelled mace
111138 | Pan      | Identified the +3 mace of Luvvirio {drain, rN+} (You found it in Pandemonium)
111155 | Pan      | Noticed Cerebov
111198 | Pan      | Killed Cerebov
111217 | Pan      | Got a fiery rune of Zot
111229 | Pan      | Got a sparkling bone ring
111237 | Pan      | Got a shimmering amber ring
111238 | Pan      | Identified the ring "Aduenor" {rCorr MP+9} (You found it in Pandemonium)
111240 | Pan      | Identified the ring "Cib Qabo" {rPois Stlth+} (You found it in Pandemonium)
111266 | Pan      | Got a smoking turquoise ring
111305 | Pan      | Identified the ring "Raus Pan" {*Contam MR+ Int+3 Dex+4} (You found it in Pandemonium)
111587 | Pan      | Gained mutation: You are dopey. (Int -2) [a neqoxec]
112037 | Pan      | Reached skill level 1 in Maces & Flails
112277 | Pan      | Found an exit through the horrors of the Abyss.
112798 | Pan      | Reached skill level 5 in Maces & Flails
112811 | Pan      | Noticed Wolar the pandemonium lord
112826 | Pan      | Killed Wolar the pandemonium lord
112845 | Pan      | Got a demonic rune of Zot
113071 | Pan      | Found an exit through the horrors of the Abyss.
113385 | Pan      | Gained mutation: You sometimes yell uncontrollably at your foes. [a cacodemon]
113716 | Pan      | Found a huge runed gate.
113767 | Pan      | Gained mutation: Your magical capacity is very low (-20% MP). [a cacodemon]
113853 | Pan      | Found an exit through the horrors of the Abyss.
114452 | Pan      | Noticed Diysch the pandemonium lord
114465 | Pan      | Killed Diysch the pandemonium lord
114630 | Pan      | Noticed Aciutuwo the pandemonium lord
114645 | Pan      | Noticed Mennas
114654 | Pan      | Killed Aciutuwo the pandemonium lord
114679 | Pan      | Killed Mennas
114689 | Pan      | Found an exit through the horrors of the Abyss.
114746 | Pan      | Gained mutation: You are very clumsy. (Dex -4) [a neqoxec]
114818 | Pan      | Got a spiked plate armour
114819 | Pan      | Identified the cursed +0 plate armour of Ladders and Snakes {rN+ Slay+2} (You took it off a red devil in Pandemonium)
114901 | Pan      | Reached skill level 10 in Maces & Flails
115108 | Pan      | Found an exit through the horrors of the Abyss.
115179 | Pan      | Noticed Uhiy the pandemonium lord
115197 | Pan      | Killed Uhiy the pandemonium lord
116114 | Pan      | Found an exit through the horrors of the Abyss.
116341 | Pan      | Noticed Fopoh the pandemonium lord
116364 | Pan      | Gained mutation: Your magical capacity is extremely low (-30% MP). [a cacodemon]
116658 | Pan      | Killed Fopoh the pandemonium lord
116708 | Pan      | Found an exit through the horrors of the Abyss.
117002 | Pan      | Gained mutation: You regenerate slowly when monsters are visible. [a neqoxec]
117050 | Depths:5 | Escaped Pandemonium
117062 | Pan      | Entered Pandemonium
117127 | Pan      | Gained mutation: Your spells are easier to cast, but less powerful. [a cacodemon]
117299 | Pan      | Gained mutation: You do not regenerate naturally when monsters are visible. [a neqoxec]
117492 | Pan      | Found an exit through the horrors of the Abyss.
117649 | Pan      | Found an exit through the horrors of the Abyss.
117658 | Pan      | Noticed Ereps the pandemonium lord
117906 | Pan      | Killed Ereps the pandemonium lord
118695 | Pan      | Reached skill level 15 in Maces & Flails
118944 | Pan      | Noticed Licistol the pandemonium lord
118960 | Pan      | Killed Licistol the pandemonium lord
119251 | Pan      | Found an exit through the horrors of the Abyss.
119848 | Pan      | Entered the realm of Lom Lobon.
119925 | Pan      | Found an exit through the horrors of the Abyss.
120323 | Pan      | Noticed Lom Lobon
120361 | Pan      | Killed Lom Lobon
120412 | Pan      | Got a magical rune of Zot
120855 | Pan      | Gained mutation: You are very weak. (Str -4) [a cacodemon]
120948 | Pan      | Lost mutation: You are very clumsy. (Dex -4) [a cacodemon]
120956 | Pan      | Noticed Plog the pandemonium lord
120973 | Pan      | Killed Plog the pandemonium lord
121522 | Pan      | Found an exit through the horrors of the Abyss.
121710 | Pan      | Found an exit through the horrors of the Abyss.
121793 | Pan      | Noticed Mececud the pandemonium lord
121801 | Pan      | Killed Mececud the pandemonium lord
121801 | Pan      | Reached skill level 27 in Stealth
122028 | Pan      | Gained mutation: Scrolls take you a little longer to read. [a neqoxec]
122068 | Pan      | Found an exit through the horrors of the Abyss.
122231 | Pan      | Noticed Tuydame the pandemonium lord
122244 | Pan      | Gained mutation: Your body often deteriorates upon taking damage. [a neqoxec]
122249 | Pan      | Killed Tuydame the pandemonium lord
122276 | Pan      | Lost mutation: Scrolls take you a little longer to read. [a neqoxec]
122279 | Pan      | Gained mutation: You often lose your temper in combat. [a neqoxec]
122768 | Pan      | Noticed Muloz the pandemonium lord
122793 | Pan      | Killed Muloz the pandemonium lord
123145 | Pan      | Noticed Sistrad the pandemonium lord
123158 | Pan      | Killed Sistrad the pandemonium lord
123372 | Pan      | Found an exit through the horrors of the Abyss.
123615 | Pan      | Found an exit through the horrors of the Abyss.
124061 | Pan      | Found an exit through the horrors of the Abyss.
124186 | Pan      | Found a huge runed gate.
125230 | Pan      | Noticed Jyhuekk the pandemonium lord
125244 | Pan      | Paralysed by a giant eyeball for 3 turns
125251 | Pan      | Killed Jyhuekk the pandemonium lord
125353 | Pan      | Noticed Jagoduer the pandemonium lord
125389 | Pan      | Killed Jagoduer the pandemonium lord
125526 | Pan      | Found an exit through the horrors of the Abyss.
125906 | Pan      | Found a runed door.
125933 | Pan      | Gained mutation: You are frail (-10% HP). [a cacodemon]
125934 | Pan      | Noticed Lud Viuf the pandemonium lord
125947 | Pan      | Killed Lud Viuf the pandemonium lord
126135 | Pan      | Entered the realm of Gloorx Vloq.
126137 | Pan      | Found an exit through the horrors of the Abyss.
126188 | Pan      | Reached skill level 1 in Unarmed Combat
126238 | Pan      | Reached skill level 1 in Spellcasting
126718 | Pan      | Noticed Gloorx Vloq
126740 | Pan      | Killed Gloorx Vloq
126804 | Pan      | Got a dark rune of Zot
126965 | Pan      | Noticed Ujoic the pandemonium lord
126974 | Pan      | Killed Ujoic the pandemonium lord
127200 | Pan      | Found an exit through the horrors of the Abyss.
127398 | Pan      | Entered the realm of Mnoleg.
127401 | Pan      | Gained mutation: Scrolls take you a little longer to read. [a neqoxec]
127401 | Pan      | Lost mutation: Your magical capacity is extremely low (-30% MP). [a neqoxec]
127404 | Pan      | Gained mutation: You are very clumsy. (Dex -4) [a cacodemon]
127406 | Pan      | Gained mutation: You have an uncontrollable temper. [a shining eye]
127410 | Pan      | Gained mutation: Scrolls take you longer to read. [a shining eye]
127411 | Pan      | Gained mutation: Your spells are much easier to cast, but much less powerful. [a shining eye]
127412 | Pan      | Reached skill level 5 in Unarmed Combat
127413 | Pan      | Gained mutation: You are sometimes teleported next to monsters. [a cacodemon]
127415 | Pan      | Reached skill level 5 in Spellcasting
127415 | Pan      | Gained mutation: You are very frail (-20% HP). [a cacodemon]
127421 | Pan      | Gained mutation: Scrolls take you much longer to read. [a cacodemon]
127495 | Pan      | Found an exit through the horrors of the Abyss.
127526 | Pan      | Gained mutation: Your magical capacity is extremely low (-30% MP). [a neqoxec]
127555 | Pan      | Gained mutation: You frequently scream uncontrollably at your foes. [a shining eye]
127591 | Pan      | Noticed Mnoleg
127612 | Pan      | Paralysed by a giant eyeball for 2 turns
127621 | Pan      | Killed Mnoleg
127636 | Pan      | Gained mutation: You are very dopey. (Int -4) [a neqoxec]
127821 | Pan      | Got a glowing rune of Zot
127864 | Pan      | Paralysed by a giant eyeball for 4 turns
127880 | Depths:5 | Escaped Pandemonium
128026 | Zot:5    | Entered Level 5 of the Realm of Zot
128048 | Zot:5    | Lost mutation: You are very frail (-20% HP). [potion of cure mutation]
128048 | Zot:5    | Lost mutation: You are very dopey. (Int -4) [potion of cure mutation]
128048 | Zot:5    | Lost mutation: Your body often deteriorates upon taking damage. [potion of cure mutation]
128048 | Zot:5    | Lost mutation: You have an uncontrollable temper. [potion of cure mutation]
128048 | Zot:5    | Lost mutation: Armour fits poorly on your strangely shaped body. [potion of cure mutation]
128048 | Zot:5    | Lost mutation: You are frail (-10% HP). [potion of cure mutation]
128165 | Zot:5    | Noticed an ancient lich
128169 | Zot:5    | Noticed an ancient lich
128173 | Zot:5    | Noticed an orb of fire
128174 | Zot:5    | Noticed an orb of fire
128177 | Zot:5    | Killed an ancient lich
128179 | Zot:5    | Noticed an orb of fire
128179 | Zot:5    | Noticed an orb of fire
128577 | Zot:5    | Gained mutation: Your body often deteriorates upon taking damage. [an orb of fire]
128590 | Zot:5    | Killed an orb of fire
128599 | Zot:5    | Killed an orb of fire
128608 | Zot:5    | Lost mutation: You are sometimes teleported next to monsters. [an orb of fire]
128621 | Zot:5    | Lost mutation: You are very weak. (Str -4) [an orb of fire]
128622 | Zot:5    | Killed an orb of fire
128879 | Zot:5    | Noticed an ancient lich
128892 | Zot:5    | Killed an ancient lich
128937 | Zot:5    | Reached skill level 10 in Throwing
128944 | Zot:5    | Reached skill level 10 in Evocations
128987 | Zot:5    | Noticed an orb of fire
128987 | Zot:5    | Got the Orb of Zot
128990 | Zot:5    | Gained mutation: You are very weak. (Str -4) [an orb of fire]
129006 | Zot:5    | Gained mutation: You do not regenerate naturally. [an orb of fire]
129103 | Zot:4    | Noticed Unamisal the pandemonium lord
129335 | Zot:2    | Noticed a seraph
129771 | D:5      | Noticed Ymuk the pandemonium lord
129797 | D:5      | Killed Ymuk the pandemonium lord
129990 | D:1      | Gained mutation: Armour fits poorly on your strangely shaped body. [a cacodemon]
130019 | D:$      | Escaped with the Orb!

Vault maps used:
D:1:      evilmike_arrival_hilbert_curve
D:2:      nicolae_overflow_hidden_temple, grunt_qazlal_clouds,
          gammafunk_temple_overflow_elements
D:3:      kiku_gazebo_pond_becter
D:4:      serial_shops, shop_fountains, first_bread
D:5:      fedhas_altar_1, lemuel_coloured_pillars_altar,
          johnstein_pakellas_death_squad, nicolae_ru_path_of_blood,
          kennysheep_mini, old_standard_altar, gup_sewer_entry_pipe,
          corexii_item_surrounded_by_moat
D:7:      minmay_temple_entry_glassed_door, nicolae_gozag_seed_capital,
          uniq_crazy_yiuf_cottage
D:8:      statuecave_lemuel, enter_bailey_2, grunt_livestock, uniq_psyche,
          uniq_maurice
D:9:      cheibriados_altar_1, uniq_erica, uniq_gastronok
D:10:     orc_0_dummy, serial_shops, kennysheep_mini_moat
D:11:     dpeg_lair_monsters
D:13:     lab_entry_generic, billiards_dpeg, uniq_frances
D:14:     grunt_vaults_entry_tiered, serial_bayou_ford_a
D:15:     gammafunk_depths_entry_grave, minmay_misc_feat_roman, serial_shops,
          shop_fountains
Temple:   temple_eino_lava_8
Lair:1:   st_stairs_4, bh_autumn_forest_stairs
Lair:2:   kennysheep_rathole, infiniplex_staircase_pool_2
Lair:3:   uniq_urug
Lair:4:   minmay_shoals_entry_hut, grunt_megastairs_4, uniq_snorg
Lair:5:   minmay_another_anthill, serial_bayou_shore_b, grunt_megastairs_5
Lair:6:   nicolae_spider_entry_tight_spaces, basic_altar
Lair:7:   infiniplex_staircase_pool
Lair:8:   minmay_lair_end_enchanted_forest, nicolae_slime_entry_slimehenge,
          st_stairs_3
Shoals:1: nicolae_shoals_water_elemental_grotto
Shoals:2: lemuel_oklob_altar
Shoals:4: shoals_end_grunt_garden, shoal_ilsuiw, uniq_polyphemus
Spider:1: portal_ice_cave_entry_imps
Spider:2: guppyfry_spider_mini_3
Spider:3: hangedman_spider_tarantella_strand
Spider:4: grunt_spider_rune_island
Slime:2:  hangedman_slime_tunnels
Orc:2:    pubby_orc_utopia
Elf:1:    minmay_elf_crystal_hexagon, guppyfry_library_mini
Elf:2:    nicolae_elf_big_sculpture_1
Elf:3:    minmay_elf_hall_four_x
Vaults:1: vaults_room_octagon, ontoclasm_vaults_eye, nicolae_vaults_theta,
          st_eye, metal_show, ontoclasm_vaults_gateway, v_rooms_4,
          nicolae_vaults_triangles, nicolae_vaults_shelves_hall,
          vaults_dpeg_encased_lava, nicolae_vaults_little_squares_5,
          v_pattern_1, vaults_dpeg_diagonal, serial_shops, nicolae_shop_crystal,
          nicolae_shop_stone, nicolae_shop_temple_entry_statues_fountains,
          nicolae_shop_crystal
Vaults:2: hangedman_vaults_cutoff, nicolae_vaults_fighting_squares,
          hangedman_vaults_stitches, v_misc_3, ontoclasm_vaults_shuriken,
          grunt_vaults_hallway_short, v_pattern_2, v_misc_23,
          vaults_room_door_ring, nicolae_vaults_yaktaur_gun_rack,
          nicolae_vaults_rhombus_6, uniq_donald
Vaults:3: ontoclasm_vaults_loading_screen, minmay_crypt_entry_necro_gods,
          v_misc_30, vaults_room_fours, vaults_room_corners,
          vaults_mumra_minichess, vaults_dpeg_ring, v_misc_13, serial_shops,
          shop, uniq_margery
Vaults:4: vaults_mumra_chevron, v_misc_25, v_rooms_5, hangedman_vaults_stagger,
          hangedman_vaults_nodes, vaults_mumra_hex, v_misc_33,
          nicolae_vaults_alarming, serial_shops, shop, uniq_jorgrun
Vaults:5: serial_shops
Crypt:3:  church_of_pain_bobbens, tomb_entry_shell_bobbens
Tomb:1:   uniq_mara
Tomb:2:   uniq_jory
Depths:1: pan_entry, marbit_kobold_abyss_entry, minmay_misc_feat_ornament,
          hell_entry, nicolae_blasting_shop, serial_bayou_shore_b
Depths:2: kennysheep_water_balloons, serial_shops, shop, hell_entry,
          enter_trove_3, okawaru_ov_weapons_minmay
Depths:3: hangedman_opposites_gauntlet, enter_ziggurat_f,
          corexii_leaking_fountain, grunt_pan_entry_sceptre,
          grunt_hell_entry_dis_old, minmay_staircase_windowed_small,
          grunt_megastairs_2
Depths:4: hangedman_spin_cycle, hell_entry, abyss_entry
Depths:5: grunt_zot_entry_bicorn, rand_demon_pan_entry_7, hell_entry,
          minmay_misc_feat_x, uniq_boris
Dis:2:    kennysheep_iron_temple
Dis:4:    hangedman_dis_decor_blocks_mantle
Dis:5:    grunt_megastairs_3
Dis:6:    evilmike_ambush
Dis:7:    dis_hangedman
Geh:2:    hangedman_mysterious_dungeon_monster_house
Geh:4:    lemuel_flamethrower_3
Geh:7:    geh_grunt
Coc:7:    coc_old
Tar:6:    hangedman_tartarus_temple_path, nicolae_tar_cuneiform_two
Tar:7:    tar_old
Zot:1:    lemuel_draconian_sentries_small, grunt_ministairs_12,
          hangedman_zot_spectrum
Zot:2:    st_small_dragon_hoard_4
Zot:3:    grunt_ministairs_3
Zot:5:    lemuel_baited_zot_trap, hangedman_zot_decor_scrapings
Abyss:3:  guppyfry_abyss_exit_glass_guarded, eino_small_chamber_without_monster,
          evilmike_abyss_rune_tso_outpost
Pan:      rand_demon_8, pan_blood_fountain_2, rand_demon_6,
          nicolae_pan_mnolegish_4, cerebov_grunt_fire_and_steel,
          evilmike_mini_pan_pillars, pan_blood_fountain, lemuel_hall_of_pain,
          nicolae_pan_giant_door, rand_demon_2, uniq_mennas_pan,
          nicolae_pan_double_arrow, rand_demon_5, pan_blood_fountain,
          evilmike_mini_pan_T, rand_demon_4, nicolae_pan_hourglass,
          nicolae_pan_door_chamber, pan_blood_fountain_small,
          nicolae_pan_gloorx_vloqian_2, lom_lobon, evilmike_mini_pan_diamond,
          pan_blood_fountain, nicolae_pan_glass_arcs, nicolae_pan_glass_arcs,
          nicolae_pan_mnolegish_1, grunt_pan_sceptre, grunt_pan_frozen_over,
          pan_blood_fountain_2, rand_demon_5, pan_blood_fountain_small,
          nicolae_pan_giant_door, grunt_pan_zigzag, rand_demon_9,
          pan_blood_fountain_small, nicolae_pan_gloorx_vloqian_4, gloorx_vloq,
          pan_blood_fountain_small, evilmike_mini_pan_possible_glass,
          evilmike_mnoleg_eyes, pan_blood_fountain_small,
          nicolae_pan_lom_lobonic_4
Lab:      nicolae_lab_swirl
Sewer:    sewer_fruit_machine
Bailey:   bailey_polearm_flooded_kennysheep, bailey
IceCv:    ice_cave_tombish

Skill      XL: |  1  2  3  4  5  6  7  8  9 10 11 12 13 14 15 16 17 18 19 20 21 22 23 24 25 26 27 |
---------------+----------------------------------------------------------------------------------+-----
Axes           | 2 3 4 5 6 8 10 11 12 13 14 15 16 17 18 19 20 21 22 27 | 27.0
Fighting       | 4 5 6 7 9 10 11 12 13 14 15 16 17 18 19 20 21 22 23 24 27 | 27.0
Dodging        | 2 3 4 5 6 7 8 9 10 11 12 13 14 27 | 27.0
Invocations    | 2 4 6 7 8 9 10 11 12 13 14 15 16 27 | 27.0
Shields        | 5 8 9 11 12 13 14 15 16 17 18 19 20 21 27 | 27.0
Armour         | 4 5 7 8 9 10 11 12 13 14 15 16 17 18 27 | 27.0
Throwing       | 10 | 10.5
Evocations     | 10 | 10.5
Stealth        | 27 | 27.0
Maces & Flails | 24 | 24.1
Unarmed Combat | 9 |  9.4
Spellcasting   | 8 |  8.9

Action                   |  1- 3 |  4- 6 |  7- 9 | 10-12 | 13-15 | 16-18 | 19-21 | 22-24 | 25-27 || total
-------------------------+-------+-------+-------+-------+-------+-------+-------+-------+-------++-------
Melee: War axe           |    78 |   260 |   625 |   436 |       |       |       |       |  1565 ||  2964
       Hand axe          |       |       |       |   221 |   532 |       |       |       |       ||   753
       Mace              |       |       |       |     9 |    37 |     2 |       |       |     6 ||    54
       Broad axe         |       |       |       |       |   980 |  1285 |  1380 |  1218 | 12566 || 17429
Invok: Summon Divine War |       |       |       |       |       |     2 |     7 |     4 |    23 ||    36
       Divine Shield     |       |       |       |       |       |     1 |     2 |     1 |    10 ||    14
       Cleansing Flame   |       |       |       |       |       |       |       |     2 |    23 ||    25
       Brand Weapon With |       |       |       |       |       |       |       |     1 |       ||     1
 Abil: Fly               |       |       |       |       |     1 |     4 |     2 |     1 |     3 ||    11
       Stop Flying       |       |       |       |       |     1 |     4 |     1 |     1 |     3 ||    10
Evoke: Wand              |       |       |     1 |       |       |       |     8 |     1 |    45 ||    55
       Figurine of a zig |       |       |       |       |       |       |       |       |     1 ||     1
  Use: Potion            |       |     1 |       |    15 |     2 |     7 |     9 |     8 |    20 ||    62
       Scroll            |       |       |    11 |     5 |     8 |     5 |     6 |     9 |    88 ||   132
 Stab: Sleeping          |       |       |       |       |     2 |       |       |       |     1 ||     3
       Petrifying        |       |       |       |       |       |       |       |       |     1 ||     1
       Petrified         |       |       |       |       |       |       |       |       |     1 ||     1
       Paralysed         |       |       |       |       |       |       |       |       |     1 ||     1
  Eat: Chunk             |       |     6 |    19 |    16 |    34 |    25 |    25 |    27 |    80 ||   232
       Beef jerky        |       |       |       |     1 |       |       |       |     1 |     9 ||    11
       Bread ration      |       |       |       |       |     1 |     2 |     2 |       |    29 ||    34
       Royal jelly       |       |       |       |       |     1 |       |       |     1 |     6 ||     8
       Fruit             |       |       |       |       |       |       |       |       |    14 ||    14
       Meat ration       |       |       |       |       |       |       |       |       |    12 ||    12
       Pizza             |       |       |       |       |       |       |       |       |     6 ||     6
